Map: Lightshade LE

Players

Bioice

  • Race: Zerg Zerg
  • League: Master

MCanning - Winner!

  • Race: Protoss Protoss
  • League: Master

VOD

Have the link to the VOD?

Description

Time

  • Played on: July 24, 2021, 7:44 p.m.
  • Length: 13:00
Show
View Real Time Build Order
Export as new Build Order

Bioice Zerg 

Build Orders: Hatch First 

Get SALT Encoding   

  12  0:00  Drone  
  13  0:12  Overlord  
  13  0:17  Drone  
  14  0:31  Drone x2  
  16  0:48  Hatchery  
  15  0:51  Drone  
  15  0:55  Drone  
  17  0:58  Drone  
  18  1:06  Extractor  
  17  1:14  Spawning Pool  
  17  1:17  Drone  
  17  1:20  Drone  
  18  1:28  Drone  
  19  1:39  Drone  
  20  1:50  Drone  
  21  2:01  Queen x2  
  21  2:02  Drone  
  21  2:03  Overlord  
  26  2:12  Drone x2  
  26  2:14  Metabolic Boost  
  28  2:21  Drone  
  30  2:22  Drone  
  30  2:34  Hatchery  
  30  2:36  Zergling x2  
  30  2:37  Drone  
  30  2:42  Overlord  
  31  2:47  Queen  
  33  2:52  Drone  
  33  2:58  Zergling x4  
  36  3:04  Drone, Overlord  
  37  3:11  Drone x3  
  40  3:14  Drone x3  
  40  3:17  Drone  
  44  3:22  Queen  
  44  3:25  Queen  
  48  3:29  Overlord  
  48  3:31  Drone  
  48  3:33  Drone  
  50  3:39  Drone  
  51  3:42  Roach Warren  
  51  3:44  Drone x2  
  51  3:47  Overlord  
  52  3:50  Drone  
  52  3:51  Drone  
  52  3:54  Drone x2  
  56  3:57  Drone x2  
  58  4:03  Overlord  
  58  4:05  Overlord  
  58  4:08  Zergling x4  
  59  4:14  Spore Crawler  
  59  4:15  Spore Crawler  
  59  4:16  Zergling x6  
  59  4:23  Overlord  
  58  4:25  Zergling x8  
  58  4:26  Zergling x2  
  63  4:31  Evolution Chamber  
  63  4:33  Drone x4  
  63  4:34  Drone  
  67  4:41  Drone x2  
  69  4:46  Overlord  
  69  4:49  Drone x3  
  69  4:50  Drone  
  73  4:54  Drone  
  73  4:55  Drone  
  73  4:57  Overlord  
  75  5:03  Drone x3  
  75  5:04  Drone  
  75  5:06  Zerg Missile Weapons Level 1, Extractor  
  78  5:07  Extractor  
  78  5:10  Drone x2  
  78  5:13  Drone x3  
  82  5:15  Hatchery  
  82  5:18  Queen  
  85  5:24  Drone  
  85  5:25  Queen  
  85  5:27  Spore Crawler  
  87  5:28  Extractor x2  
  87  5:29  Overlord  
  87  5:31  Drone x2  
  87  5:32  Drone  
  86  5:40  Drone  
  85  5:43  Lair  
  85  5:49  Drone x9  
  94  5:57  Drone  
  94  6:00  Overlord  
  94  6:02  Overlord  
  94  6:03  Drone x6  
  100  6:12  Roach x4  
  100  6:18  Queen  
  110  6:22  Overlord  
  110  6:24  Roach x3  
  116  6:28  Overlord  
  115  6:36  Roach x8  
  131  6:42  Drone x3, Extractor, Spire  
  131  6:45  Hatchery  
  131  6:49  Drone x5  
  131  6:50  Extractor  
  131  6:52  Extractor  
  134  6:54  Queen  
  134  6:56  Queen  
  138  7:04  Glial Reconstitution, Zerg Missile Weapons Level 2  
  137  7:11  Overlord  
  137  7:16  Overlord  
  137  7:17  Overlord x3  
  136  7:28  Zergling x32  
  151  7:36  Overlord  
  151  7:52  Zergling x22  
  151  7:55  Zerg Flyer Armor Level 1  
  151  7:57  Overlord  
  162  8:02  Overlord  
  160  8:16  Corruptor x14  
  154  8:24  Roach x3  
  155  8:30  Roach  
  155  8:32  Roach  
  155  8:33  Roach x5  
  169  8:36  Roach  
  169  8:39  Roach x2  
  174  8:44  Infestation Pit  
  171  8:51  Spore Crawler  
  171  8:53  Roach  
  171  8:54  Roach x4  
  180  9:03  Roach x2  
  180  9:04  Hatchery  
  180  9:10  Roach x9  
  180  9:12  Roach x2  
  197  9:17  Roach x3  
  197  9:20  Hive  
  199  9:27  Roach  
  195  9:38  Roach  
  195  9:39  Roach  
  195  9:42  Roach  
  189  9:49  Roach x8  
  190  9:58  Roach x10  
  192  10:02  Roach  
  192  10:03  Roach  
  190  10:07  Roach x6  
  196  10:41  Roach  
  196  10:42  Roach x3  
  194  10:48  Roach x19  
  192  10:56  Viper  
  171  11:00  Viper x2  
  177  11:05  Overseer  
  177  11:06  Roach  
  177  11:07  Roach x10  
  199  11:14  Hydralisk Den  
  198  11:25  Zergling x16  
  199  11:27  Roach  
  199  11:29  Roach  
  194  11:34  Roach  
  194  11:37  Roach  
  196  11:46  Roach  
  175  11:50  Roach x8  
  171  11:54  Roach  
  171  11:55  Roach x3  
  171  11:58  Roach  
  171  12:00  Roach x3  
  153  12:02  Roach x2  
  153  12:07  Roach  
  149  12:13  Roach x3  
  141  12:24  Roach x4  
  141  12:29  Viper x2  
  155  12:30  Lurker Den  
  155  12:33  Roach x4  
  162  12:38  Roach  
Show
View Real Time Build Order
Export as new Build Order

MCanning Protoss - Winner!

Build Orders: 1 Gate Expand, Oracle Opening, Zealot Archon 

Get SALT Encoding   

  12  0:00  Probe  
  13  0:12  Probe  
  14  0:20  Pylon  
  14  0:24  Probe  
  15  0:38  Probe (Chrono Boost), Gateway  
  16  0:48  Probe (Chrono Boost), Assimilator  
  17  0:53  Probe (Chrono Boost)  
  18  1:04  Probe  
  19  1:16  Probe  
  20  1:23  Nexus  
  20  1:32  Cybernetics Core  
  20  1:36  Probe  
  21  1:41  Assimilator  
  21  1:48  Probe  
  21  1:51  Pylon  
  22  1:59  Probe  
  23  2:06  Adept (Chrono Boost)  
  23  2:08  Probe  
  26  2:16  Probe  
  26  2:20  Stargate  
  27  2:27  Probe  
  27  2:29  Stalker  
  30  2:37  Warp Gate  
  30  2:39  Probe (Chrono Boost)  
  32  2:45  Probe (Chrono Boost)  
  32  2:48  Probe (Chrono Boost)  
  34  2:52  Probe (Chrono Boost)  
  34  2:53  Probe (Chrono Boost)  
  34  2:57  Void Ray (Chrono Boost)  
  35  3:03  Probe  
  41  3:05  Probe  
  41  3:14  Pylon  
  41  3:15  Probe  
  41  3:17  Probe  
  43  3:23  Gateway  
  43  3:27  Probe  
  43  3:29  Probe  
  43  3:31  Pylon, Oracle (Chrono Boost)  
  45  3:39  Probe  
  45  3:41  Assimilator  
  49  3:42  Probe  
  49  3:43  Assimilator  
  50  3:51  Probe  
  50  3:54  Robotics Facility, Probe  
  52  3:58  Pylon  
  52  4:04  Probe  
  52  4:06  Probe  
  52  4:08  Void Ray (Chrono Boost)  
  54  4:16  Probe  
  59  4:18  Probe  
  60  4:24  Nexus  
  60  4:27  Pylon  
  60  4:28  Sentry, Probe  
  63  4:35  Probe  
  63  4:36  Forge  
  64  4:42  Twilight Council  
  64  4:43  Probe  
  64  4:44  Observer  
  66  4:47  Probe  
  67  4:55  Probe  
  67  4:57  Robotics Bay  
  67  4:58  Adept  
  67  4:59  Probe  
  71  5:01  Adept  
  73  5:07  Probe  
  73  5:08  Gateway  
  73  5:11  Probe  
  75  5:15  Shield Battery  
  75  5:19  Probe  
  75  5:20  Protoss Ground Weapons Level 1 (Chrono Boost)  
  76  5:21  Photon Cannon  
  76  5:22  Charge (Chrono Boost)  
  76  5:23  Probe  
  76  5:24  Observer (Chrono Boost)  
  78  5:36  Probe x2  
  78  5:37  Pylon  
  78  5:41  Disruptor (Chrono Boost)  
  80  5:48  Probe  
  80  5:49  Probe  
  85  5:50  Probe  
  85  5:52  Assimilator  
  86  5:57  Gateway  
  86  5:58  Assimilator, Gateway  
  86  6:00  Probe  
  86  6:01  Probe  
  86  6:03  Probe  
  86  6:04  Gateway  
  89  6:06  Observer  
  89  6:07  Disruptor (Chrono Boost)  
  92  6:12  Probe, Gateway  
  92  6:13  Probe  
  92  6:15  Probe  
  92  6:16  Templar Archives  
  95  6:19  Gateway  
  95  6:23  Sentry, Pylon  
  95  6:24  Probe  
  98  6:25  Probe  
  98  6:32  Probe  
  100  6:35  Photon Cannon  
  100  6:36  Probe  
  100  6:38  Gateway  
  101  6:40  Pylon  
  101  6:44  Zealot x2  
  101  6:46  Probe  
  106  6:48  Disruptor  
  109  7:03  Phoenix (Chrono Boost)  
  109  7:07  Pylon  
  109  7:08  Pylon  
  111  7:12  High Templar x2, Zealot  
  111  7:15  Photon Cannon  
  117  7:17  Pylon, Photon Cannon  
  117  7:20  Pylon, Archon, Phoenix  
  117  7:24  Fleet Beacon  
  117  7:33  Observer (Chrono Boost)  
  117  7:36  Zealot  
  117  7:37  Zealot x4  
  124  7:38  Protoss Ground Weapons Level 2  
  128  7:51  Stargate  
  128  7:52  Pylon  
  128  7:55  Phoenix  
  130  8:00  Disruptor (Chrono Boost)  
  133  8:10  Anion Pulse-Crystals  
  133  8:16  Zealot x2  
  133  8:17  Zealot x6  
  129  8:20  Phoenix  
  126  8:33  Disruptor (Chrono Boost)  
  120  8:37  Nexus  
  120  8:38  Pylon, Probe  
  120  8:42  High Templar x2, Photon Cannon  
  120  8:43  Shield Battery  
  120  8:44  Pylon  
  120  8:47  Archon  
  118  8:53  Phoenix (Chrono Boost)  
  118  8:54  Phoenix (Chrono Boost)  
  122  8:59  Zealot x5  
  132  9:08  Nexus  
  132  9:09  Photon Cannon, Disruptor (Chrono Boost)  
  132  9:11  Shield Battery  
  133  9:21  Zealot x3  
  133  9:22  Void Ray  
  141  9:34  Pylon  
  141  9:42  Zealot x7  
  155  9:47  Blink (Chrono Boost)  
  155  9:48  Stalker  
  135  10:03  Observer  
  135  10:04  Probe  
  136  10:08  Disruptor (Chrono Boost)  
  139  10:15  Stalker x5  
  148  10:35  Zealot  
  148  10:36  Zealot x2, Disruptor (Chrono Boost)  
  148  10:37  Stalker  
  148  10:38  Stalker  
  148  10:42  Stalker  
  130  11:02  Nexus  
  130  11:03  High Templar x2  
  134  11:06  Disruptor (Chrono Boost)  
  134  11:07  Archon  
  134  11:08  Zealot x2  
  134  11:09  Zealot  
  143  11:19  Nexus  
  141  11:28  Zealot x2  
  141  11:35  Disruptor  
  130  11:49  Zealot x5  
  134  12:07  Stalker x3  
  130  12:21  Stalker x4, Disruptor (Chrono Boost)  
  132  12:29  Zealot  
  137  12:30  Zealot x2  
  137  12:31  Zealot  
  141  12:56  Stalker x6  
  141  12:57  Stalker x2  
Tags
 
Add a new tag
Caveats
  • Supply blocks, unpowered buildings, or Contaminate may cause inaccurate times.
  • Supply counts are checked every 10 seconds.